 Dungeon Crawl Stone Soup version 0.28-a0-1415-g7c84da036a (webtiles) character file.

Game seed: 8932093379958355940

66 lonewolfV2 the Chopper (level 4, -5/44 HPs)
             Began as a Naga Berserker on Jan 7, 2022.
             Was a Follower of Trog.
             Killed from afar by Natasha (7 damage)
             ... with a magic dart
             ... on level 5 of the Dungeon.
             The game lasted 00:03:23 (2148 turns).

lonewolfV2 the Chopper (Naga Berserker)             Turns: 2148, Time: 00:03:23

Health: -5/44      AC:  2    Str: 21    XL:     4   Next: 15%
Magic:  4/4        EV: 10    Int:  7    God:    Trog [*.....]
Gold:   8          SH:  0    Dex: 17    Spells: 3/3 levels left

rFire   . . .      SeeInvis +   a - +0 hand axe
rCold   . . .      Faith    .   (no shield)
rNeg    . . .      Spirit   .   b - +0 animal skin
rPois   +          Reflect  .   (no helmet)
rElec   .          Harm     .   (no cloak)
rCorr   .          Rampage  .   (no gloves)
Will    .....                   (no barding)
Stlth   ++........              (no amulet)
HPRegen 0.14/turn               e - +6 ring of dexterity
MPRegen 0.09/turn               (no ring)

@: very slow
A: AC +1, large, see invisible, deformed body, poison resistance, slowness 2,
spit poison 1, naga tail 1
a: Spit Poison, Renounce Religion, Berserk


You were on level 5 of the Dungeon.
You worshipped Trog.
Trog was aware of your devotion.
You visited 1 branch of the dungeon, and saw 4 of its levels.

You collected 8 gold pieces.

Inventory:

Hand Weapons
 a - a +0 hand axe (weapon)
Armour
 b - a +0 animal skin (worn)
Jewellery
 e - a +6 ring of dexterity (left hand)
Scrolls
 f - a scroll of silence {unknown}
 g - a scroll of amnesia {unknown}
Potions
 c - a potion of degeneration {unknown}


   Skills:
 + Level 3.8 Fighting
 + Level 3.9 Axes
 + Level 1.6 Armour
 + Level 1.9 Dodging
 + Level 0.8 Stealth


You had 3 spell levels left.
You didn't know any spells.
Your spell library was empty.

Dungeon Overview and Level Annotations

Branches:
Dungeon (5/15)
 Temple: D:4-7

Altars:

Portals:
Ossuary: D:5

Annotations:
D:2 Jessica
D:5 Natasha


Innate Abilities, Weirdness & Mutations

Your serpentine skin is tough. (AC +1)
You have supernaturally acute eyesight. (SInv)
Armour fits poorly on your strangely shaped body.
Your system is resistant to poisons. (rPois)
You cover ground very slowly.
You can spit poison.
You have a snake-like lower body.


Message History

Natasha claws you!
* * * LOW HITPOINT WARNING * * *
The orc barely misses you.
The orc shouts!
There is an escape hatch in the floor, spattered with blood here.
You can't go up here!
You hear a shout!
Natasha claws you.
* * * LOW HITPOINT WARNING * * *
The orc hits you with a +0 flail.
* * * LOW HITPOINT WARNING * * *
You slide downwards.
The hatch slams shut behind you.
You hear the hiss of flowing sand.
There is an entrance to an ossuary on this level.
Hurry and find it before the portal is buried!
Found a glowing falchion.
Found a stone staircase leading up and a sand-covered staircase.
You hit the orc.
You kill the orc!
Trog accepts your kill.
You hit Natasha. Natasha claws you.
* * * LOW HITPOINT WARNING * * *
Natasha wildly gestures.
Natasha shimmers violently.
Natasha barely misses you.
Things that are here:
a +0 flail; an orc corpse
Okay, then.
You feel better. Natasha closely misses you.
You closely miss Natasha.
Natasha is moderately wounded.
Natasha misses you.
You slash Natasha!
Natasha is severely wounded.
Natasha claws you!
* * * LOW HITPOINT WARNING * * *
You closely miss Natasha.
Natasha is severely wounded.
Natasha stares at you and mumbles some strange words.
The magic dart hits you!
You die... . ....############ 8...)..h@...<... ....###########. ∩

You could see Natasha (strong).

Vanquished Creatures
  Terence (D:2)
  A dart slug (D:1)
  An orc (D:5)
  4 ball pythons
  4 endoplasms (D:1)
  2 giant cockroaches (D:1)
  6 goblins
  4 hobgoblins (D:1)
  3 kobolds
  A quokka (D:1)
  4 bats (D:1)
  A frilled lizard (D:2)
  A rat (D:2)
33 creatures vanquished.

Vanquished Creatures (others)
  3 toadstools (D:2)
3 creatures vanquished.

Grand Total: 36 creatures vanquished

Notes
Turn   | Place    | Note
-------+----------+-------------------------------------------
     0 | D:1      | lonewolfV2 the Naga Berserker began the quest for the Orb.
     0 | D:1      | Reached XP level 1. HP: 21/21 MP: 1/1
   286 | D:1      | Reached XP level 2. HP: 16/28 MP: 2/2
   485 | D:1      | Found a faded altar of an unknown god.
   975 | D:1      | Reached XP level 3. HP: 9/34 MP: 3/3
  1984 | D:2      | Noticed Terence
  1990 | D:2      | Killed Terence
  1991 | D:2      | Reached XP level 4. HP: 44/44 MP: 4/4
  2131 | D:2      | Noticed Jessica
  2134 | D:2      | You fall into a shaft and drop 2 floors!
  2134 | D:4      | Noticed Natasha
  2142 | D:5      | Entered Level 5 of the Dungeon
  2142 | D:5      | Found a sand-covered staircase.
  2143 | D:5      | HP: 1/44 [Natasha (3)]
  2148 | D:5      | Killed from afar by Natasha

Illustrated notes

Levels and vault maps discovered:
D:1:      kilobyte_arrival_exit_the_forest, layout_basic,
          dreamdust_ecumenical_altar_hidden_monk_grotto
D:2:      layout_basic, chequers_garden, minmay_gold_behind_fungi,
          amcnicky_mini_rare_corridor_liquid, chequers_serial_rivers_small_3,
          uniq_jessica, uniq_robin, uniq_terence
D:4:      layout_basic, minivault_4, uniq_pikel, uniq_natasha, uniq_ijyb
D:5:      layout_rooms, nicolae_ossuary_entry_monument, grunt_decor_fettered,
          uniq_edmund, uniq_duvessa

Action                   |  1- 3 |  4- 6 || total
-------------------------+-------+-------++-------
Melee: Hand axe          |    73 |    11 ||    84
       Punch             |       |     1 ||     1
Invok: Berserk           |     1 |       ||     1
 Abil: Spit Poison       |     1 |       ||     1
  Use: Potion            |     1 |     1 ||     2
 Stab: Sleeping          |       |     1 ||     1
Armor: Animal skin       |    18 |     2 ||    20
Dodge: Dodged            |    64 |     9 ||    73

Table legend: (Time is in decaauts)
 A = Elapsed time spent in this place.
 B = Non-inter-level travel time spent in this place.
 C = Inter-level travel time spent in this place.
 D = Time resting spent in this place.
 E = Time spent auto-exploring this place.
 F = Levels seen in this place.
 G = Mean time per level.
                   A        B        C        D        E       F      G
               +--------+--------+--------+--------+--------+-----+--------+
         Total |   2572 |   2543 |     29 |    323 |   1827 |   4 |  643.0 |
       Dungeon |   2572 |   2543 |     29 |    323 |   1827 |   4 |  643.0 |
               +--------+--------+--------+--------+--------+-----+--------+

Top non-repeatable levels by time:
     D:1: 2252 daAuts
     D:2: 303 daAuts
     D:4: 10 daAuts
     D:5: 6 daAuts
